[Event "January 2 Late 2024"]
[Site "https://www.chess.com"]
[Date "2024.01.02"]
[Round "3"]
[White "Cervantes Landeiro, Thalia"]
[Black "Kostiukov, Alexandr"]
[Result "1-0"]
[Board "139"]
[TimeControl "180+1"]
[WhiteFideId "3520498"]
[BlackFideId "14108100"]
[WhiteElo "2564"]
[BlackElo "2343"]
[WhiteTeam "USA"]
[BlackTeam "UKR"]
[WhiteClock "0:00:51"]
[BlackClock "0:00:00"]

1. d4 g6 2. c4 Bg7 3. Nc3 d6 4. e4 e5 5. d5 f5 6. exf5 Bxf5 7. Bd3 Nf6 8. Nge2 O-O 9. O-O Na6 10. Ng3 Bxd3 11. Qxd3 Nc5 12. Qc2 a5 13. b3 Qd7 14. Be3 b6 15. h3 Rae8 16. a3 Qf7 17. b4 Nb7 18. Nge4 Nxe4 19. Nxe4 h6 20. Qd2 Kh7 21. Rac1 Qf5 22. f3 axb4 23. axb4 Ra8 24. c5 bxc5 25. bxc5 Ra3 26. c6 Nd8 27. Ra1 Rxa1 28. Rxa1 Nf7 29. Ra7 Rc8 30. Qb4 g5 31. Qa5 Kg6 32. Rxc7 Rxc7 33. Qxc7 h5 34. Qb8 g4 35. hxg4 hxg4 36. c7 gxf3 37. c8=Q Qxe4 38. Qe6+ Bf6 39. Qg8+ Kh5 40. Qexf7+ 1-0

[Event "January 2 Late 2024"]
[Site "https://www.chess.com"]
[Date "2024.01.02"]
[Round "3"]
[White "Arias Igual, Alejandro"]
[Black "Manukian, Artak"]
[Result "1-0"]
[Board "140"]
[TimeControl "180+1"]
[WhiteFideId "2254905"]
[BlackFideId "13301373"]
[WhiteElo "2341"]
[BlackElo "2564"]
[WhiteTeam "ESP"]
[BlackTeam "ARM"]
[WhiteClock "0:01:03"]
[BlackClock "0:01:19"]

1. e4 c6 2. d4 d5 3. exd5 cxd5 4. Bd3 Nc6 5. c3 e5 6. dxe5 Nxe5 7. Nf3 Nxd3+ 8. Qxd3 Nf6 9. O-O Be7 10. Be3 O-O 11. Nbd2 h6 12. h3 Be6 13. Nd4 Qd7 14. Rfe1 Rfe8 15. Nxe6 fxe6 16. Qg6 Kh8 17. Nf3 Rf8 18. Ne5 Qe8 19. Bxh6 gxh6 20. Qxh6+ Kg8 21. Re3 Ne4 22. Qxe6+ Rf7 23. Qxd5 Nf6 24. Rg3+ Kh7 25. Qxf7+ Qxf7 26. Nxf7 Rf8 27. Ng5+ Kg6 28. Ne6+ 1-0

[Event "January 2 Late 2024"]
[Site "https://www.chess.com"]
[Date "2024.01.02"]
[Round "3"]
[White "Yurasov, Matfey"]
[Black "Shohat, Yotam"]
[Result "0-1"]
[Board "141"]
[TimeControl "180+1"]
[WhiteFideId "55617603"]
[BlackFideId "2813955"]
[WhiteElo "2562"]
[BlackElo "2339"]
[WhiteTeam "FID"]
[BlackTeam "ISR"]
[WhiteClock "0:01:39"]
[BlackClock "0:00:37"]

1. e4 c5 2. Nf3 d6 3. Bb5+ Nc6 4. d4 cxd4 5. Nxd4 Bd7 6. O-O Nf6 7. Nc3 a6 8. Nxc6 bxc6 9. Bd3 e5 10. f4 Qb6+ 11. Kh1 Be7 12. Qe1 h6 13. fxe5 dxe5 14. Qg3 Qc7 15. Qxg7 Rg8 16. Qxh6 Ng4 17. Qd2 Qd6 18. Qe2 Qg6 19. Bd2 Nxh2 20. Kxh2 Qg3+ 21. Kg1 Bc5+ 22. Kh1 Qh4# 0-1

[Event "January 2 Late 2024"]
[Site "https://www.chess.com"]
[Date "2024.01.02"]
[Round "3"]
[White "Lymar, Vladislav"]
[Black "Wendt, Jan-Dietrich"]
[Result "1-0"]
[Board "142"]
[TimeControl "180+1"]
[WhiteFideId "14162180"]
[BlackFideId "4623797"]
[WhiteElo "2561"]
[BlackElo "2337"]
[WhiteTeam "UKR"]
[BlackTeam "GER"]
[WhiteClock "0:00:13"]
[BlackClock "0:00:00"]

1. f4 d5 2. Nf3 Bg4 3. Ne5 Bf5 4. d3 Nd7 5. g3 Nxe5 6. fxe5 e6 7. Bg2 Ne7 8. O-O c5 9. c4 Bg6 10. Nc3 d4 11. Qa4+ Qd7 12. Nb5 Nc6 13. Bf4 Be7 14. Qa3 O-O 15. Nd6 b6 16. Qa4 Rac8 17. Nxc8 Rxc8 18. Qa6 h5 19. a3 Bf5 20. h4 Bg4 21. Bf3 Bxf3 22. exf3 f6 23. Rae1 g5 24. exf6 gxf4 25. fxe7 Nxe7 26. Re4 fxg3 27. Rfe1 Rc6 28. Qa4 Nf5 29. Re5 Qd6 30. R1e4 Kf7 31. Qxa7+ Rc7 32. Qb8 1-0

[Event "January 2 Late 2024"]
[Site "https://www.chess.com"]
[Date "2024.01.02"]
[Round "3"]
[White "Grinev, Valeriy"]
[Black "Korol, Dimitry"]
[Result "0-1"]
[Board "143"]
[TimeControl "180+1"]
[WhiteFideId "14117517"]
[BlackFideId "14108003"]
[WhiteElo "2559"]
[BlackElo "2333"]
[WhiteTeam "UKR"]
[BlackTeam "UKR"]
[WhiteClock "0:00:11"]
[BlackClock "0:00:03"]

1. d4 Nf6 2. c4 c5 3. d5 b5 4. cxb5 a6 5. bxa6 g6 6. Nc3 Bxa6 7. e4 Bxf1 8. Kxf1 d6 9. Nf3 Bg7 10. g3 O-O 11. Kg2 Nbd7 12. a4 Qb8 13. Qe2 Qb4 14. Bd2 Nb6 15. Rhb1 Nc4 16. Be1 Qb3 17. Nb5 Rfb8 18. Nc3 Nd7 19. Nd2 Nxd2 20. Bxd2 Ne5 21. Bg5 Rb7 22. a5 Nc4 23. a6 Rba7 24. Bc1 Rxa6 25. Rxa6 Rxa6 26. Nd1 h5 27. Ne3 Nxe3+ 28. Bxe3 Ra2 29. Bc1 c4 30. g4 c3 31. Qd3 c2 32. Qxb3 cxb1=Q 33. gxh5 Ra1 34. Qb8+ Kh7 35. hxg6+ fxg6 36. Be3 Qh1+ 37. Kh3 Rg1 38. Bf4 Qg2+ 39. Kh4 Qg4# 0-1

[Event "January 2 Late 2024"]
[Site "https://www.chess.com"]
[Date "2024.01.02"]
[Round "3"]
[White "Kujawski, Adam"]
[Black "Kotlyar, Kirill"]
[Result "0-1"]
[Board "144"]
[TimeControl "180+1"]
[WhiteFideId "1100920"]
[BlackFideId "24145599"]
[WhiteElo "2327"]
[BlackElo "2554"]
[WhiteTeam "POL"]
[BlackTeam "RUS"]
[WhiteClock "0:00:00"]
[BlackClock "0:00:10"]

1. e4 e5 2. Nf3 Nc6 3. Bb5 a6 4. Ba4 Nf6 5. O-O Be7 6. Re1 b5 7. Bb3 O-O 8. h3 d6 9. c3 Nb8 10. d4 Nbd7 11. Nbd2 Bb7 12. Bc2 c5 13. d5 c4 14. a4 Nc5 15. a5 Re8 16. b4 cxb3 17. Nxb3 Nxb3 18. Bxb3 Rc8 19. Bd2 h6 20. Qe2 Qc7 21. Rec1 Qd7 22. c4 bxc4 23. Bxc4 Rc7 24. Be3 Rcc8 25. Nd2 Bd8 26. Bb6 Ra8 27. Rab1 Be7 28. Bd3 Rec8 29. Rxc8+ Bxc8 30. Rc1 Ne8 31. Nc4 Bb7 32. Qb2 Rc8 33. Bf1 f5 34. exf5 Bxd5 35. Ne3 Bb7 36. Rxc8 Qxc8 37. Bc4+ Kh8 38. Be6 Qc6 39. Kh2 Bg5 40. Bd5 Qc8 41. Bxb7 Qxb7 42. Qc2 Bf4+ 43. g3 Bxe3 44. Bxe3 d5 45. Qc5 d4 46. Qf8+ Kh7 47. Qxe8 dxe3 48. Qg6+ Kh8 49. Qe8+ Kh7 50. fxe3 Qb2+ 51. Kg1 Qc1+ 52. Kf2 Qd2+ 53. Kf3 Qd5+ 54. Ke2 Qc4+ 55. Kf2 Qc2+ 56. Kf3 Qxf5+ 57. Kg2 Qe4+ 58. Kh2 Qc2+ 59. Kg1 Qd1+ 0-1

[Event "January 2 Late 2024"]
[Site "https://www.chess.com"]
[Date "2024.01.02"]
[Round "3"]
[White "Rama, Tejas"]
[Black "Silvestre, Christian"]
[Result "1-0"]
[Board "145"]
[TimeControl "180+1"]
[WhiteFideId "30907381"]
[BlackFideId "30956269"]
[WhiteElo "2548"]
[BlackElo "2324"]
[WhiteTeam "USA"]
[BlackTeam "USA"]
[WhiteClock "0:00:42"]
[BlackClock "0:00:04"]

1. d4 Nf6 2. c4 d6 3. Nf3 g6 4. Nc3 Bg7 5. e4 O-O 6. Be2 e5 7. Be3 Nc6 8. d5 Ne7 9. Nd2 h5 10. h3 Nh7 11. b4 f5 12. f3 f4 13. Bf2 Bf6 14. c5 Rf7 15. Nc4 Kh8 16. a4 Ng8 17. h4 Rg7 18. a5 a6 19. cxd6 cxd6 20. Qb3 g5 21. hxg5 Rxg5 22. Rh2 Be7 23. b5 Ngf6 24. Nb6 Rb8 25. Rc1 Rg8 26. Na2 Bd7 27. bxa6 bxa6 28. Nb4 Bb5 29. Bxb5 axb5 30. Nc6 Qc7 31. Qxb5 Rb7 32. Ra1 Nd7 33. Qa4 Nxb6 34. axb6 Rxb6 35. Nxe7 Rgb8 36. Bxb6 Qxb6 37. Kf1 Qe3 38. Rxh5 Rb2 39. Qe8+ Kg7 40. Rxh7+ Kxh7 41. Qg6+ Kh8 42. Qg8# 1-0

[Event "January 2 Late 2024"]
[Site "https://www.chess.com"]
[Date "2024.01.02"]
[Round "3"]
[White "Mazi, Leon"]
[Black "Zampronha, Wladimir Camilo"]
[Result "0-1"]
[Board "146"]
[TimeControl "180+1"]
[WhiteFideId "14600315"]
[BlackFideId "2103087"]
[WhiteElo "2544"]
[BlackElo "2315"]
[WhiteTeam "SLO"]
[BlackTeam "BRA"]
[WhiteClock "0:01:20"]
[BlackClock "0:01:32"]

1. e4 c5 2. Nf3 e6 3. d4 cxd4 4. Nxd4 Nc6 5. Nc3 Qc7 6. f4 a6 7. Nf3 b5 8. Bd3 Bb7 9. O-O Nf6 10. Qe1 h5 11. h3 b4 12. Nd1 d5 13. e5 Nd7 14. f5 Ncxe5 15. Nxe5 Nxe5 16. fxe6 fxe6 17. Bg6+ Nxg6 18. Qxe6+ Ne7 19. Qf7+ Kd7 20. Bf4 Qb6+ 21. Be3 Qe6 22. Qf2 Rc8 23. c3 Nc6 24. a3 b3 25. c4 d4 26. Bf4 Bd6 0-1

[Event "January 2 Late 2024"]
[Site "https://www.chess.com"]
[Date "2024.01.02"]
[Round "3"]
[White "Copeland, Samuel"]
[Black "Mendez Fortes, Eduardo Jesus"]
[Result "0-1"]
[Board "147"]
[TimeControl "180+1"]
[WhiteFideId "2007347"]
[BlackFideId "3502376"]
[WhiteElo "2306"]
[BlackElo "2543"]
[WhiteTeam "USA"]
[BlackTeam "CUB"]
[WhiteClock "0:00:00"]
[BlackClock "0:00:18"]

1. e4 c5 2. Nf3 d6 3. d4 cxd4 4. Nxd4 Nf6 5. Nc3 a6 6. Bg5 Nbd7 7. Bc4 Qb6 8. Bb3 e6 9. Qd2 Be7 10. O-O-O Nc5 11. f3 O-O 12. g4 Qc7 13. h4 b5 14. Be3 b4 15. Nce2 a5 16. Nb5 Qc6 17. Nxd6 Rd8 18. Nf5 exf5 19. Qxd8+ Bxd8 20. Rxd8+ Ne8 21. Nd4 Qd7 22. Rxd7 Bxd7 23. Nxf5 Nxb3+ 24. axb3 a4 25. bxa4 Bxa4 26. b3 Bb5 27. Kb2 g6 28. Ne7+ Kf8 29. Bc5 Kg7 30. Bxb4 Be2 31. Rh3 f6 32. g5 Kf7 33. gxf6 Nxf6 34. Nd5 Nh5 35. c4 Rb8 36. Kc3 Bd1 37. f4 Bg4 38. Re3 Be6 39. f5 gxf5 40. exf5 Bxf5 41. Re7+ Kg6 42. c5 Ng3 43. c6 Ne4+ 44. Kc4 Rc8 45. c7 Nf6 46. Nxf6 Kxf6 47. Kd5 Rg8 48. Kd6 Bc8 49. Re2 Rg6 50. Bc3+ Kf5+ 51. Ke7 Rg8 52. Rf2+ Ke4 53. Rf8 Rxf8 54. Kxf8 Kd5 55. Ke7 Kc6 56. Kd8 Kb7 57. Bd4 h6 58. Bg7 h5 0-1

[Event "January 2 Late 2024"]
[Site "https://www.chess.com"]
[Date "2024.01.02"]
[Round "3"]
[White "Kekic, Armin"]
[Black "RaugintaBulba"]
[Result "1-0"]
[Board "148"]
[TimeControl "180+1"]
[WhiteFideId "14401274"]
[WhiteElo "2306"]
[BlackElo "2543"]
[WhiteTeam "BIH"]
[WhiteClock "0:00:12"]
[BlackClock "0:00:01"]

1. e4 c5 2. c3 a6 3. Nf3 d5 4. exd5 Qxd5 5. d4 Nf6 6. h3 Nc6 7. Be3 Nxd4 8. cxd4 cxd4 9. Qxd4 Qa5+ 10. Nc3 e6 11. Qb6 Qh5 12. Be2 Be7 13. O-O-O O-O 14. Ng5 Qh4 15. Qd4 Qxd4 16. Bxd4 b5 17. Bf3 Rb8 18. Ba7 Rb7 19. Bxb7 Bxb7 20. f3 b4 21. Nce4 Rc8+ 22. Kb1 Nd5 23. h4 h6 24. Nh3 f5 25. Nef2 Bxh4 26. Rc1 Re8 27. Rhe1 e5 28. Re2 e4 29. fxe4 fxe4 30. Rxe4 Nc3+ 31. bxc3 Bxe4+ 32. Nxe4 Rxe4 33. c4 Bf6 34. Rf1 Rxc4 35. Nf4 Rc7 36. Bb6 Rd7 37. Kc2 a5 38. Rf2 a4 39. Ba5 Rb7 40. Nd5 b3+ 41. axb3 axb3+ 42. Kb1 Bd4 43. Rd2 Be5 44. Bc3 Bxc3 45. Nxc3 h5 46. Kb2 g5 47. Ne4 g4 48. Nf6+ Kg7 49. Nxh5+ Kg6 50. Nf4+ Kf5 51. g3 Rb4 52. Nd3 Rb7 53. Re2 Rd7 54. Kc3 b2 55. Nxb2 Ra7 56. Nc4 Ra1 57. Re3 Rf1 58. Kd3 Rd1+ 59. Ke2 Rc1 60. Nd6+ Kf6 61. Ne4+ Kf5 62. Nf2 Rc2+ 63. Kf1 Rc1+ 64. Kg2 Rc2 65. Re8 Ra2 66. Rf8+ Ke5 67. Rf4 Rb2 68. Rxg4 Kf5 69. Rf4+ Kg5 70. Kh3 Kh5 71. Ne4 Rb1 72. Nf6+ Kg5 73. Ng4 Rh1+ 74. Nh2 Ra1 75. Rb4 Kh5 76. Rb5+ Kg6 77. Kh4 Rh1 78. Kh3 Ra1 79. g4 Rh1 80. Kg3 Rg1+ 81. Kf4 Rf1+ 82. Nf3 Ra1 83. Rb6+ Kf7 84. Kf5 Ra4 85. Ne5+ Ke7 86. Rb7+ Kf8 87. g5 Kg8 88. Kg6 Ra6+ 89. Kh5 Re6 90. Ng4 Re1 91. g6 Rh1+ 92. Kg5 Rf1 93. Nf6+ Kf8 94. Rf7# 1-0

[Event "January 2 Late 2024"]
[Site "https://www.chess.com"]
[Date "2024.01.02"]
[Round "3"]
[White "Bazzano, Sebastian"]
[Black "Klenburg, Michael"]
[Result "0-1"]
[Board "149"]
[TimeControl "180+1"]
[WhiteFideId "104566"]
[BlackFideId "14102072"]
[WhiteElo "2302"]
[BlackElo "2542"]
[WhiteTeam "ARG"]
[BlackTeam "ISR"]
[WhiteClock "0:00:00"]
[BlackClock "0:00:44"]

1. d4 d6 2. e4 Nf6 3. Nc3 g6 4. Bf4 c6 5. Qd2 Qa5 6. O-O-O Nbd7 7. Nf3 b5 8. Bd3 Nb6 9. e5 Nfd5 10. Nxd5 Qxd2+ 11. Rxd2 Nxd5 12. Bg3 Bg4 13. exd6 exd6 14. Re1+ Kd7 15. Kb1 Bh6 16. Rde2 Bg7 17. Be4 Bf6 18. h3 Be6 19. c3 Rhe8 20. Kc2 Rac8 21. Nd2 Nb6 22. Bd3 Be7 23. Ne4 Bd5 24. h4 h6 25. f3 Bxe4 26. Rxe4 Bf8 27. Rxe8 Rxe8 28. Rxe8 Kxe8 29. b3 Kd7 30. c4 bxc4 31. bxc4 Bg7 32. Bf2 d5 33. c5 Nc8 34. Ba6 Ne7 35. Bd3 Ng8 36. a4 Nf6 0-1

[Event "January 2 Late 2024"]
[Site "https://www.chess.com"]
[Date "2024.01.02"]
[Round "3"]
[White "Pinero Rodriguez, Carlos Jose"]
[Black "Nechitaylo, Nikita"]
[Result "1-0"]
[Board "150"]
[TimeControl "180+1"]
[WhiteFideId "3901726"]
[BlackFideId "34138161"]
[WhiteElo "2538"]
[BlackElo "2305"]
[WhiteTeam "VEN"]
[BlackTeam "UKR"]
[WhiteClock "0:00:11"]
[BlackClock "0:00:03"]

1. e4 c5 2. Nf3 d6 3. d4 cxd4 4. Nxd4 Nf6 5. Nc3 Nc6 6. Bg5 e6 7. Qd2 a6 8. O-O-O Bd7 9. f4 b5 10. a3 Qb6 11. Nf3 b4 12. axb4 Qxb4 13. e5 Ne4 14. Nxe4 Qxe4 15. exd6 Qa4 16. Kb1 Rc8 17. b3 Qa3 18. Qc1 Qxc1+ 19. Kxc1 Nb4 20. c4 f6 21. Bh4 Rc6 22. Be1 a5 23. Kb2 Rxd6 24. Ra1 Ra6 25. c5 Rc6 26. Rxa5 Bxc5 27. Rxc5 Rxc5 28. Bxb4 Rf5 29. Bd6 Bc6 30. Bc4 Bxf3 31. gxf3 Kd7 32. Rd1 Re8 33. b4 Kc6 34. b5+ Kb6 35. Kb3 Rxb5+ 36. Bxb5 Kxb5 37. Bb4 e5 38. Re1 Kc6 39. fxe5 fxe5 40. Kc4 Kd7 41. Kd5 Rb8 42. Bc3 Rb5+ 43. Ke4 Rb3 44. Bxe5 g6 45. Rd1+ Ke6 46. Rd6+ Kf7 47. Rc6 h5 48. Rc7+ Ke6 49. Rc6+ Kf7 50. Rf6+ Ke7 51. Rxg6 Rb4+ 52. Kf5 h4 53. Rh6 Rb5 54. Rxh4 Kf7 55. Rh7+ Kg8 56. Rc7 Kf8 57. h4 Rb4 58. h5 Rh4 59. Kg5 Rh1 60. f4 Rg1+ 61. Kf6 Rh1 62. Rc8# 1-0

[Event "January 2 Late 2024"]
[Site "https://www.chess.com"]
[Date "2024.01.02"]
[Round "3"]
[White "Coelho, Ramyres Santana"]
[Black "Asish Panda"]
[Result "0-1"]
[Board "151"]
[TimeControl "180+1"]
[WhiteFideId "2120690"]
[BlackFideId "45012458"]
[WhiteElo "2298"]
[BlackElo "2536"]
[WhiteTeam "BRA"]
[BlackTeam "IND"]
[WhiteClock "0:01:04"]
[BlackClock "0:01:55"]

1. e4 e6 2. d4 d5 3. Nc3 Nf6 4. e5 Nfd7 5. f4 c5 6. Nf3 Nc6 7. Be3 Be7 8. Qd2 a6 9. O-O-O c4 10. g4 b5 11. a3 Qa5 12. Nb1 b4 13. axb4 Nxb4 14. Re1 Nb6 15. c3 Na2+ 16. Kd1 Na4 17. Re2 Rb8 18. Qe1 Nxb2+ 19. Kd2 Nd3 20. Qd1 Rb2+ 21. Qc2 Rxc2+ 22. Kxc2 Bd7 23. Ne1 Qb5 24. Nxd3 cxd3+ 25. Kd1 Qxb1+ 26. Kd2 dxe2 27. Kxe2 Bb5+ 28. Kf2 Bxf1 29. Rxf1 Qc2+ 30. Kg3 Nxc3 31. Rf2 Ne4+ 32. Kf3 Nxf2 33. Bxf2 a5 34. g5 a4 35. h4 g6 36. h5 gxh5 37. f5 exf5 38. g6 hxg6 39. e6 fxe6 40. Bh4 a3 41. Bxe7 a2 42. Bf6 Rg8 43. Kf4 Kf7 44. Ke5 Qe4+ 45. Kd6 Kxf6 46. Kd7 a1=R 0-1

[Event "January 2 Late 2024"]
[Site "https://www.chess.com"]
[Date "2024.01.02"]
[Round "3"]
[White "Ismayil, Malak"]
[Black "rumo_a_3200"]
[Result "1-0"]
[Board "152"]
[TimeControl "180+1"]
[WhiteFideId "13412604"]
[WhiteElo "2535"]
[BlackElo "2286"]
[WhiteTeam "AZE"]
[WhiteClock "0:01:10"]
[BlackClock "0:00:00"]

1. e4 d6 2. d4 g6 3. Nc3 Bg7 4. Be3 a6 5. Qd2 Nf6 6. f3 b5 7. a3 Nbd7 8. h4 h5 9. Nh3 Bb7 10. Ng5 c5 11. d5 Nh7 12. Nxh7 Rxh7 13. Be2 Qa5 14. Kf2 O-O-O 15. Rhb1 Bxc3 16. bxc3 Nb6 17. a4 Nxa4 18. c4 Qxd2 19. Bxd2 Kc7 20. cxb5 axb5 21. Rxb5 1-0

[Event "January 2 Late 2024"]
[Site "https://www.chess.com"]
[Date "2024.01.02"]
[Round "3"]
[White "Eggleston, Thomas A"]
[Black "Rangel, Daniel"]
[Result "0-1"]
[Board "153"]
[TimeControl "180+1"]
[WhiteFideId "412139"]
[BlackFideId "2124475"]
[WhiteElo "2284"]
[BlackElo "2534"]
[WhiteTeam "ENG"]
[BlackTeam "BRA"]
[WhiteClock "0:00:00"]
[BlackClock "0:00:42"]

1. e4 c5 2. Nf3 g6 3. d4 cxd4 4. c3 Bg7 5. cxd4 d5 6. exd5 Nf6 7. Nc3 Nxd5 8. Be2 O-O 9. O-O Nc6 10. h3 Nb6 11. Be3 Nb4 12. Re1 N4d5 13. Bd2 Bd7 14. Rc1 Bc6 15. Ne5 e6 16. Bf3 Nxc3 17. bxc3 Bxf3 18. Qxf3 Qc7 19. c4 Rad8 20. Bb4 Rfe8 21. Re4 f6 22. Nd3 Nxc4 23. d5 b5 24. dxe6 Qc6 25. e7 Rc8 26. Nf4 f5 27. Re6 Qxf3 28. gxf3 Bh6 29. Bd6 Nxd6 30. Rxc8 Nxc8 31. Nd5 Kf7 32. Ra6 Nxe7 0-1

[Event "January 2 Late 2024"]
[Site "https://www.chess.com"]
[Date "2024.01.02"]
[Round "3"]
[White "Martinez Reyes, Pedro Ramon"]
[Black "Dylag, Emilia"]
[Result "1-0"]
[Board "154"]
[TimeControl "180+1"]
[WhiteFideId "3901807"]
[BlackFideId "21805172"]
[WhiteElo "2533"]
[BlackElo "2280"]
[WhiteTeam "VEN"]
[BlackTeam "POL"]
[WhiteClock "0:00:06"]
[BlackClock "0:00:03"]

1. d4 Nf6 2. c4 e6 3. Nc3 Bb4 4. Qb3 a5 5. a3 Bxc3+ 6. Qxc3 O-O 7. Nf3 b6 8. Bg5 Bb7 9. e3 h6 10. Bh4 d6 11. Be2 Nbd7 12. O-O g5 13. Bg3 Ne4 14. Qc2 f5 15. Rad1 Qe8 16. Nd2 Ndf6 17. f3 Nxg3 18. hxg3 Nh5 19. Kf2 f4 20. exf4 gxf4 21. gxf4 Nxf4 22. Rh1 Kg7 23. Bf1 Qe7 24. Ne4 d5 25. Ng3 Qg5 26. c5 Rae8 27. c6 Bc8 28. Re1 e5 29. Rxe5 Rxe5 30. dxe5 Qxe5 31. Qd2 Re8 32. Qxf4 Qe1+ 33. Kg1 Ba6 34. Nh5+ Kg8 35. Qg4+ Kf7 36. Qg7+ Ke6 37. Qf6# 1-0

[Event "January 2 Late 2024"]
[Site "https://www.chess.com"]
[Date "2024.01.02"]
[Round "3"]
[White "Delgado Kuffo, Andres"]
[Black "Silva, Kaua Marques"]
[Result "0-1"]
[Board "155"]
[TimeControl "180+1"]
[WhiteFideId "3600475"]
[BlackFideId "22701168"]
[WhiteElo "2277"]
[BlackElo "2532"]
[WhiteTeam "ECU"]
[BlackTeam "BRA"]
[WhiteClock "0:00:07"]
[BlackClock "0:00:03"]

1. e4 e6 2. d4 d5 3. e5 c5 4. c3 Nc6 5. Nf3 Nge7 6. Be3 Nf5 7. Bd3 cxd4 8. cxd4 Be7 9. h4 h6 10. h5 Qb6 11. Qd2 Bd7 12. Nc3 Rc8 13. Bxf5 exf5 14. Nxd5 Qd8 15. Nxe7 Qxe7 16. O-O O-O 17. Rfe1 Nb4 18. d5 Nc2 19. d6 Qd8 20. Rac1 Nxe1 21. Rxe1 Re8 22. Bxh6 gxh6 23. Qxh6 Re6 24. Qf4 Qf8 25. Ng5 Ree8 26. Re3 f6 27. Nf3 Qg7 28. h6 Qg4 29. Qh2 Rc1+ 30. Ne1 f4 31. Re4 Bc6 32. f3 Qg3 33. Qxg3+ fxg3 34. Kf1 Bb5+ 35. Kg1 Rxe5 36. d7 Rxe1+ 37. Rxe1 Rxe1# 0-1

[Event "January 2 Late 2024"]
[Site "https://www.chess.com"]
[Date "2024.01.02"]
[Round "3"]
[White "Kruckenhauser, Arthur"]
[Black "Bryant, Todd"]
[Result "1-0"]
[Board "156"]
[TimeControl "180+1"]
[WhiteFideId "1642812"]
[BlackFideId "2031299"]
[WhiteElo "2527"]
[BlackElo "2274"]
[WhiteTeam "AUT"]
[BlackTeam "USA"]
[WhiteClock "0:01:23"]
[BlackClock "0:00:23"]

1. c4 Nf6 2. g3 g6 3. Bg2 Bg7 4. Nc3 O-O 5. e3 c5 6. Nge2 d6 7. O-O e5 8. d4 Nc6 9. dxc5 dxc5 10. Qxd8 Rxd8 11. Bxc6 bxc6 12. e4 Be6 13. b3 Rd4 14. f3 Rd7 15. Ba3 Bf8 16. Rad1 Rad8 17. Rxd7 Rxd7 18. Rd1 Rxd1+ 19. Nxd1 Nd7 20. Ndc3 f5 21. Kf2 Kf7 22. Nc1 g5 23. Nd3 fxe4 24. Nxe4 Bf5 25. Nxg5+ Kg6 26. Ne4 Bxe4 27. fxe4 Nf6 28. Nxe5+ Kg5 29. Kf3 h5 30. Nd3 Ng4 31. h3 Nf6 32. Bxc5 Bxc5 33. Nxc5 Ne8 34. Ne6+ Kf6 35. Nf4 Ng7 36. g4 hxg4+ 37. hxg4 Ke5 38. Ke3 Ne8 39. Nd3+ Kd6 40. e5+ Ke6 41. Ke4 Ng7 42. Nf4+ Ke7 43. b4 1-0

[Event "January 2 Late 2024"]
[Site "https://www.chess.com"]
[Date "2024.01.02"]
[Round "3"]
[White "Lopez Del Alamo, Antonio"]
[Black "Horak, Martin"]
[Result "1-0"]
[Board "157"]
[TimeControl "180+1"]
[WhiteFideId "2227339"]
[BlackFideId "367095"]
[WhiteElo "2273"]
[BlackElo "2527"]
[WhiteTeam "ESP"]
[BlackTeam "CZE"]
[WhiteClock "0:01:07"]
[BlackClock "0:00:00"]

1. e4 c5 2. Nf3 Nc6 3. b4 cxb4 4. d4 d5 5. exd5 Qxd5 6. c4 bxc3 7. Nxc3 Qa5 8. Rb1 Qxc3+ 9. Bd2 Qa3 10. d5 Nf6 11. dxc6 bxc6 12. Qc2 Qd6 13. Bc4 Be6 14. Bb4 Qd7 15. Ne5 Qc7 16. O-O Qxe5 17. Rfe1 Qf5 18. Qa4 Bxc4 19. Qxc6+ Qd7 20. Qxa8+ Qd8 21. Qc6+ Nd7 22. Qxc4 e6 23. Red1 Bxb4 24. Qxb4 f6 25. Qd6 Qe7 26. Qc7 h5 27. Rxd7 Qxd7 28. Rb8+ 1-0

[Event "January 2 Late 2024"]
[Site "https://www.chess.com"]
[Date "2024.01.02"]
[Round "3"]
[White "Matta, Nicholas"]
[Black "Brejnik, Gustav"]
[Result "1-0"]
[Board "158"]
[TimeControl "180+1"]
[WhiteFideId "30914523"]
[BlackFideId "362662"]
[WhiteElo "2526"]
[BlackElo "2264"]
[WhiteTeam "USA"]
[BlackTeam "CZE"]
[WhiteClock "0:01:25"]
[BlackClock "0:00:41"]

1. Nf3 d5 2. g3 g6 3. Bg2 Bg7 4. O-O e5 5. c4 dxc4 6. Qa4+ Nc6 7. Qxc4 Nge7 8. d3 O-O 9. a3 Be6 10. Qc2 Nf5 11. e3 Qe7 12. Nbd2 Nd8 13. Ne4 h6 14. b4 a5 15. b5 c6 16. a4 Bd5 17. Ba3 Qe6 18. Bxf8 Bxf8 19. Nc5 Bxc5 20. Qxc5 Bxf3 21. Bxf3 cxb5 22. axb5 Rc8 23. Qd5 b6 24. Rac1 1-0

[Event "January 2 Late 2024"]
[Site "https://www.chess.com"]
[Date "2024.01.02"]
[Round "3"]
[White "Bold, Andre"]
[Black "Slavin, Alexey"]
[Result "1-0"]
[Board "159"]
[TimeControl "180+1"]
[WhiteFideId "16208471"]
[BlackFideId "24104388"]
[WhiteElo "2522"]
[BlackElo "2253"]
[WhiteTeam "GER"]
[BlackTeam "RUS"]
[WhiteClock "0:00:21"]
[BlackClock "0:00:00"]

1. d4 Nc6 2. Nf3 d6 3. Nbd2 Nf6 4. e4 Bg4 5. d5 Ne5 6. Bb5+ c6 7. dxc6 Nxc6 8. c3 g6 9. Qa4 Bd7 10. Nd4 Nxd4 11. cxd4 Bg7 12. Bxd7+ Nxd7 13. O-O O-O 14. Nf3 Nf6 15. e5 Nd5 16. Qb3 dxe5 17. dxe5 b6 18. e6 fxe6 19. Ng5 Qd6 20. Qh3 h5 21. Nxe6 Rf6 22. Nxg7 Kxg7 23. Bd2 Raf8 24. Rad1 Kh7 25. Bc3 Rf5 26. Qd3 Qe6 27. Rde1 Qf7 28. Bd4 Nf4 29. Qe4 e5 30. Bxe5 Re8 31. g3 Rfxe5 32. Qxe5 Rxe5 33. Rxe5 Nh3+ 34. Kg2 Qf6 35. f4 h4 36. Kxh3 hxg3 37. hxg3 Qc6 38. Rfe1 Kh6 39. Kh2 Qc2+ 40. R1e2 Qc4 41. a3 b5 42. R5e4 Qc1 43. Re8 a6 44. Kg2 Qc6+ 45. Kh2 a5 46. R8e6 Qc4 47. f5 Kg5 48. fxg6 1-0

[Event "January 2 Late 2024"]
[Site "https://www.chess.com"]
[Date "2024.01.02"]
[Round "3"]
[White "Dinu, Dumitru-Daniel"]
[Black "Perry, Patrick"]
[Result "0-1"]
[Board "160"]
[TimeControl "180+1"]
[WhiteFideId "1208403"]
[BlackFideId "30917727"]
[WhiteElo "2522"]
[BlackElo "2236"]
[WhiteTeam "ROU"]
[BlackTeam "USA"]
[WhiteClock "0:00:26"]
[BlackClock "0:01:35"]

1. e4 Nf6 2. Nc3 e5 3. Nf3 d6 4. d4 Nbd7 5. Bc4 Be7 6. O-O O-O 7. Re1 c6 8. a4 Qc7 9. h3 b6 10. Be3 Bb7 11. Bb3 Rad8 12. dxe5 Nxe5 13. Nxe5 dxe5 14. Qf3 h6 15. a5 Nd7 16. axb6 axb6 17. Qg3 Kh7 18. Rad1 Nc5 19. Bc4 b5 20. Bf1 b4 21. Bxc5 Bxc5 22. Ne2 Rxd1 23. Rxd1 f6 24. Nc1 Rd8 25. Rxd8 Qxd8 26. Nd3 Bf8 27. Qe3 Ba6 28. Qa7 Bxd3 29. Bxd3 Qd4 30. Qxd4 exd4 31. f4 g6 32. Kf2 Kg7 33. g4 Bd6 34. Kf3 Kf7 35. Bc4+ Ke7 36. h4 Bc7 37. Bb3 g5 38. fxg5 fxg5 39. hxg5 hxg5 40. Ba4 Kd6 41. Bb3 Ke5 42. Bc4 c5 43. Bd5 Bd6 44. b3 Be7 45. Bc4 Bd6 46. Bb5 Be7 47. Bd7 Bd6 48. Bf5 Be7 49. Ke2 Kf4 50. Kd3 Ke5 51. Kc4 Bd6 52. Kb5 Be7 53. Kc6 Bd6 54. Kd7 Bf8 55. Ke8 Bd6 56. Kf7 Bc7 57. Kg6 Bd8 58. Kf7 Bc7 59. Ke7 Bd6+ 60. Kd8 Bf8 61. Kc7 Bd6+ 62. Kc6 Bf8 63. Kd7 Bd6 64. Ke8 c4 65. Bd7 cxb3 66. cxb3 Kxe4 67. Kf7 d3 68. Bf5+ Ke3 69. Ke6 Bf4 70. Kd5 d2 0-1